AoeStats
← 长乐冠希

Nomad

509270290Analyzed
4v4 RM · 6d ago on Sep 26, 2026· 36m 50s· 8 players
Game mode
Random Map
Map size
231×231
Population
200
Speed
Normal
Resources
Standard
Victory
Conquest
Starting age
Dark Age
Ending age
Imperial Age
RankedLock teamsTeams togetherTeam positionsShared explorationLock speedFull tech treeHidden civsTurbo modeCheats
Victory
Defeat
🇺🇸 Danes · United States
1829
+9
🇻🇳 Varangians · Vietnam
1810
+9
🇻🇳 Vietnamese · Vietnam
1770
+11
🇺🇸 Bengalis · United States
1728
+12
🇺🇦 Cumans · Ukraine
1767
-14
🇻🇳 Persians · Vietnam
1638
-10
🇺🇸 Spanish · United States
1611
-9
🇭🇰 Italians · Hong Kong SAR China
1599
-8
嗚
5:58 Loom
14:10 Feudal Age
14:57 Double-Bit Axe
15:33 Fletching
18:32 Town Watch
22:45 Castle Age
21:30 Stone Mining
Ouch
9:05 Loom
11:24 Feudal Age
11:55 Double-Bit Axe
12:33 Fishing Lines
21:27 Castle Age
20:03 Gold Mining
20:03 Stone Mining
20:22 Town Watch
20:33 Horse Collar
21:30 Fletching
22:07 Bodkin Arrow
22:49 Gold Shaft Mining
22:25 Bow Saw
22:16 Gillnets
23:07 Padded Archer Armor
23:45 Wheelbarrow
24:23 Ballistics
24:34 Heavy Plow
26:08 Medium Warships
26:46 Forging
29:07 Scale Barding Armor
29:19 Hand Cart
30:31 Chain Barding Armor
34:09 Imperial Age
32:18 Leather Archer Armor
33:19 Bloodlines
34:13 Cavalier
长乐冠希
4:37 Loom
13:25 Feudal Age
17:38 Castle Age
17:20 Double-Bit Axe
20:37 Bow Saw
20:52 Fletching
24:14 Horse Collar
25:05 Bodkin Arrow
29:07 Ballistics
31:53 Wheelbarrow
34:24 Imperial Age
32:30 Padded Archer Armor
32:55 Gold Mining
33:06 Heavy Plow
34:23 Scale Barding Armor
35:03 Forging
35:06 Bloodlines
34:30 Cavalier
35:34 Chain Barding Armor
35:50 Chain Barding Armor
36:04 Conscription
37:13 Plate Barding Armor
Đà Lạt
11:11 Loom
BB3097790
4:40 Loom
5:20 Loom
13:41 Feudal Age
18:05 Castle Age
16:16 Fishing Lines
18:09 Forging
19:01 Medium Warships
19:12 Gillnets
20:01 Double-Bit Axe
21:43 Bow Saw
21:42 Town Watch
24:23 Wheelbarrow
27:30 Iron Casting
26:56 Horse Collar
30:34 Fletching
35:17 Imperial Age
33:44 Padded Archer Armor
34:34 Ballistics
34:10 Bodkin Arrow
35:12 Heavy Plow
35:18 Husbandry
36:03 Bloodlines
37:06 Stone Mining
37:07 Gold Mining
37:49 Conscription
NaiLiu
4:45 Loom
13:55 Feudal Age
14:21 Double-Bit Axe
18:15 Town Watch
26:33 Castle Age
24:29 Gold Mining
27:26 Fishing Lines
27:56 Bow Saw
28:26 Horse Collar
28:47 Gillnets
31:23 Fletching
33:22 Heavy Plow
34:04 Wheelbarrow
36:00 Scale Mail Armor
36:39 Forging
37:17 Chain Mail Armor
ĐLucky
14:18 Feudal Age
15:32 Fishing Lines
15:38 Double-Bit Axe
18:21 Castle Age
16:51 Gold Mining
16:52 Stone Mining
16:43 Horse Collar
19:16 Gillnets
21:02 Wheelbarrow
24:47 Fletching
25:24 Bodkin Arrow
25:32 Loom
26:05 Padded Archer Armor
29:56 Imperial Age
27:56 Ballistics
28:45 Leather Archer Armor
30:57 Bracer
33:48 Chemistry
33:07 Bow Saw
36:17 Ring Archer Armor
36:44 Elite Rattan Archer
DL-Empty
4:50 Loom
15:10 Feudal Age
15:48 Double-Bit Axe
23:08 Castle Age
21:41 Fishing Lines
24:21 Scale Mail Armor
24:32 Forging
25:30 Chain Mail Armor
27:16 Fletching
28:51 Bodkin Arrow
34:59 Padded Archer Armor
Connection lost

Rejoining the realm…

Still unreachable

The connection could not be restored.

Session expired

The server has moved on; the page needs a fresh start.